 Dungeon Crawl Stone Soup version 0.21.1-1-g345015f (webtiles) character file.

114 Fang the Chopper (level 4, -1/29 HPs)
             Began as a Gargoyle Berserker on May 30, 2018.
             Was a Believer of Trog.
             Killed from afar by antares's ghost (13 damage)
             ... with an orb of energy
             ... on level 3 of the Dungeon.
             The game lasted 00:02:38 (1777 turns).

Fang the Chopper (Gargoyle Berserker)               Turns: 1777, Time: 00:02:39

Health: -1/29      AC:  7    Str: 22    XL:     4   Next: 98%
Magic:  4/4        EV: 12    Int:  7    God:    Trog [**....]
Gold:   112        SH:  0    Dex:  9    Spells: 3/3 levels left

rFire    . . .     SeeInvis .   a - +0 hand axe
rCold    . . .     Gourm    .   (no shield)
rNeg     + . .     Faith    .   b - +0 animal skin
rPois    ∞         Spirit   .   l - +1 helmet
rElec    +         Reflect  .   (no cloak)
rCorr    .         Harm     .   (no gloves)
MR       .....                  (no boots)
Stlth    ++........             (no amulet)
HPRegen  0.09/turn              (no ring)
MPRegen  0.09/turn              (no ring)

@: no status effects
A: negative energy resistance 1, electricity resistance, unbreathing,
petrification resistance, rot immunity, AC +3
a: Berserk, Trog's Hand, Burn Spellbooks, Renounce Religion


You were on level 3 of the Dungeon.
You worshipped Trog.
Trog was pleased with you.
You were not hungry.

You visited 1 branch of the dungeon, and saw 3 of its levels.

You collected 112 gold pieces.

Inventory:

Hand Weapons
 a - a +0 hand axe (weapon)
Armour
 b - a +0 animal skin (worn)
 l - a +1 helmet (worn)
Wands
 m - a wand of iceblast (8)
Scrolls
 d - 3 scrolls of identify {unknown}
 e - a scroll of blinking {unknown}
 g - a scroll of remove curse {unknown}
 h - a scroll of noise {unknown}
 i - a scroll of fear {unknown}
Comestibles
 c - 5 rations


   Skills:
 + Level 3.9 Fighting
 + Level 4.0 Axes
 + Level 2.4 Armour
 + Level 2.1 Dodging
 + Level 1.6 Stealth


You had 3 spell levels left.
You didn't know any spells.

Dungeon Overview and Level Annotations

Branches:
Dungeon (3/15)

Altars:

Annotations:
D:3 antares's ghost, amateur OpCj


Innate Abilities, Weirdness & Mutations

You are resistant to torment.
Your stone body is resilient. (AC +3)
You are immune to poison.
You resist negative energy. (rN+)
You are resistant to electric shocks. (rElec)
You can survive without breathing.
You are immune to petrification.
You are immune to rotting.


Message History

k - 2 chunks of flesh (gained 1) Eat one of 2 chunks of flesh? (ye/n/q)
You eat one of the 2 chunks of flesh.
This raw flesh tastes terrible.
You start resting.
You hear the slow rusting of a distant drain.
You start resting.
You recover from your berserk rage.
You start resting.
Eating a chunk of flesh.
You eat the chunk of flesh.
This raw flesh tastes terrible.
You hear the rusting of a distant drain.
You start resting.
Antares's ghost (amateur Octopode Conjurer) comes into view.
Antares's ghost is nearby!
Antares's ghost turns its malevolent gaze towards you.
Things that are here:
a dagger; a kobold corpse Antares's ghost casts a spell at you.
The orb of energy hits you!
You die...

# #. ###########.. #.
#.#####............
###W##........###.#.##.#
#.......###...##.###...#
#........##...###.#.####
#................#.##
#................).#
#......).........#.#
#......@#..........#
#....$..#......###.#
##.#....#......# #.#
#........##.### #.#
#........##.# #.#
##.......##.# #..
##....### #....#


You could see antares's ghost.

Vanquished Creatures
  Ijyb (D:3)
  Robin (D:3)
  An adder (D:2)
  An ooze (D:2)
  A worm (D:2)
  A dart slug (D:1)
  A leopard gecko (D:3)
  2 giant cockroaches (D:1)
  5 hobgoblins
  4 jackals (D:1)
  3 quokkas
  3 ball pythons
  6 bats
  5 frilled lizards
  14 goblins
  2 kobolds
  9 rats
60 creatures vanquished.

Notes
Turn   | Place    | Note
-------+----------+-------------------------------------------
     0 | D:1      | Fang the Gargoyle Berserker began the quest for the Orb.
     0 | D:1      | Reached XP level 1. HP: 14/14 MP: 1/1
    90 | D:1      | Reached skill level 3 in Axes
    90 | D:1      | Reached XP level 2. HP: 18/19 MP: 2/2
   260 | D:1      | Reached ** piety under Trog
   309 | D:1      | Reached XP level 3. HP: 20/23 MP: 3/3
   912 | D:2      | Reached skill level 1 in Stealth
  1522 | D:3      | Noticed Robin
  1523 | D:3      | Reached XP level 4. HP: 29/29 MP: 4/4
  1546 | D:3      | Killed Robin
  1616 | D:3      | Noticed Ijyb
  1661 | D:3      | HP: 2/43 [Ijyb/dagger of distortion (20)]
  1663 | D:3      | Killed Ijyb
  1679 | D:3      | HP: 1/29 [ball python (1)]
  1685 | D:3      | Reached skill level 4 in Axes
  1776 | D:3      | Noticed antares's ghost (amateur OpCj)
  1777 | D:3      | Killed from afar by antares's ghost

Skill      XL: |  1  2  3  4 |
---------------+-------------+-----
Axes           | 3 4 |  4.0
Stealth        | 1 |  1.6
Dodging        | 2 |  2.1
Fighting       | |  3.9
Armour         | |  2.4

Action                   |  1- 3 |  4- 6 || total
-------------------------+-------+-------++-------
Melee: Hand axe          |   132 |    38 ||   170
Invok: Berserk           |       |     2 ||     2
  Use: Potion            |       |     2 ||     2
 Stab: Sleeping          |     3 |       ||     3
  Eat: Chunk             |     2 |     3 ||     5
Armor: Animal skin       |    44 |    42 ||    86
Dodge: Dodged            |   102 |    49 ||   151
